 Dungeon Crawl Stone Soup version 0.23.2-33-g5129a83184 (webtiles) character file.

Game seed: 15978857739580691440

15063 louis the Basher (level 12, -6/106 HPs)
             Began as a Hill Orc Monk on July 14, 2019.
             Was a High Priest of Wu Jian.
             Hit by a tomahawk thrown by an orc warrior (7 damage)
             ... on level 2 of the Orcish Mines.
             The game lasted 00:43:55 (16108 turns).

louis the Basher (Hill Orc Monk)                   Turns: 16108, Time: 00:43:55

Health: -6/106     AC: 21    Str: 19    XL:     12   Next: 23%
Magic:  0/12       EV:  9    Int: 15    God:    Wu Jian [*****.]
Gold:   870        SH:  0    Dex: 13    Spells: 11/11 levels left

rFire    . . .     SeeInvis .   Q - +5 eveningstar (holy)
rCold    + . .     Gourm    .   (no shield)
rNeg     . . .     Faith    .   P - +0 plate armour
rPois    +         Spirit   +   F - +0 helmet
rElec    .         Reflect  .   m - +1 cloak {rPois}
rCorr    .         Harm     .   L - +0 pair of gloves
MR       .....                  p - +0 pair of boots (curse)
Stlth    ..........             x - amulet of guardian spirit
HPRegen  0.27/turn              f - ring of ice
MPRegen  0.13/turn              n - ring of protection from fire

@: brilliant, studying Crossbows
A: no striking features
a: Wall Jump, Serpent's Lash, Heavenly Storm, Renounce Religion


You were on level 2 of the Orcish Mines.
You worshipped Wu Jian.
Wu Jian was extremely pleased with you.
You were not hungry.

You visited 3 branches of the dungeon, and saw 13 of its levels.
You also visited: Bailey.

You collected 870 gold pieces.

Inventory:

Hand Weapons
 a - a +1 falchion
 h - a +8 club
 q - a +3 mace
 s - a +0 arbalest
 A - a cursed -1 hunting sling
 G - a +7 dire flail of freezing
 Q - a +5 eveningstar of holy wrath (weapon)
Missiles
 j - 188 stones (quivered)
 B - 4 tomahawks
 O - 33 bolts
 R - 4 javelins
Armour
 b - a +0 robe
 d - a +0 ring mail
 e - a +0 cloak
 i - a +0 leather armour of cold resistance
 k - a +1 chain mail
 m - a +1 cloak of poison resistance (worn)
 p - a cursed +0 pair of boots (worn)
 F - a +0 helmet (worn)
 L - a +0 pair of gloves (worn)
 P - a +0 plate armour (worn)
Jewellery
 f - a ring of ice (left hand)
 n - a ring of protection from fire (right hand)
 u - an uncursed ring of stealth
 x - an amulet of guardian spirit (around neck)
 D - an uncursed amulet of faith
 K - an uncursed ring of wizardry {unknown}
Wands
 l - a wand of flame (5)
 v - a wand of disintegration (7)
 E - a wand of polymorph (6)
 H - a wand of digging (5)
 M - a wand of clouds (5)
 N - a wand of iceblast (4)
Scrolls
 g - 5 scrolls of amnesia
 o - 2 scrolls of magic mapping
 r - 9 scrolls of remove curse
 t - a scroll of fog
 y - 2 scrolls of teleportation
 z - a scroll of fear
Potions
 w - 2 potions of mutation {unknown}
 C - a potion of lignification
 J - 2 potions of brilliance
Books
 I - a manual of Crossbows
Comestibles
 c - 11 rations


   Skills:
 * Level 10.1 Fighting
 - Level 5.0 Long Blades
 + Level 12.3 Maces & Flails
 * Level 5.2 Crossbows
 + Level 2.7 Throwing
 * Level 10.8 Armour
 * Level 6.3 Dodging
 - Level 1.5 Stealth


You had 11 spell levels left.
You didn't know any spells.
Your spell library contained the following spells:

 Spells                   Type           Power        Failure   Level  Hunger
 Freeze                   Ice            ##..         41%         1    ##.....
 Magic Dart               Conj           #...         41%         1    ##.....
 Blink                    Tloc           N/A          52%         2    ###....
 Call Imp                 Summ           #.......     52%         2    ###....
 Searing Ray              Conj           #.....       52%         2    ###....
 Slow                     Hex            #.......     52%         2    ###....
 Throw Frost              Conj/Ice       ##....       52%         2    ###....
 Conjure Flame            Conj/Fire      #.......     73%         3    ####...
 Dazzling Spray           Conj/Hex       #.....       73%         3    ####...
 Mephitic Cloud           Conj/Pois/Air  #.......     73%         3    ####...
 Ozocubu's Armour         Chrm/Ice       ##......     73%         3    ####...
 Force Lance              Conj/Tloc      #.......     97%         4    #####..
 Fulminant Prism          Conj/Hex       #.........   97%         4    #####..
 Iskenderun's Mystic Bla  Conj           #.......     97%         4    #####..
 Summon Ice Beast         Ice/Summ       ##......     97%         4    #####..
 Throw Icicle             Conj/Ice       ##......     97%         4    #####..


Dungeon Overview and Level Annotations

Branches:
Dungeon (10/15)            Temple (1/1) D:4             Orc (2/2) D:9
   Lair: D:8-11         Elf: Orc:2

Altars:
Ashenzari
Dithmenos
Fedhas
Gozag
Hepliaklqana
Kikubaaqudgha
Makhleb
Okawaru
Qazlal
Ru
Sif Muna
Wu Jian
Xom
Yredelemnul
Zin
The Shining One

Shops:
D:6 %


Message History

* * * LOW HITPOINT WARNING * * *
The gnoll sergeant closely misses you.
An orc warrior comes into view. It is wielding a +0 long sword.
A warg comes into view.
You sock the fire elemental!
The fire elemental is almost destroyed.
The fire elemental barely misses you. The gnoll sergeant closely misses you.
You spin and attack the fire elemental.
You hit the fire elemental.
You destroy the fire elemental!
The Council accepts your kill.
Your Crossbows skill increases to level 5!
You spin and attack the hell hound.
You sock the hell hound!
The hell hound convulses!
The hell hound is almost dead.
An orc warrior comes into view. It is wielding a +0 scimitar.
The hell hound breathes flames at you. The blast of flame hits you!!
* * * LOW HITPOINT WARNING * * *
The orc warrior throws a tomahawk.
The tomahawk hits you!
You die...

..$........$....
..........#......
.................
.o.o.............
.................
.................
.................
........@........
.....#.)h........
☼.....(.)).......
.....(...g.......
☼...($...........
.................
.........$......$
.(.......h.......
.............#...


You could see a warg, 2 orc warriors, a hell hound (pinned) and a gnoll
sergeant.

Vanquished Creatures
  Azrael (Orc:2)
  Erica (Orc:1)
  2 two-headed ogres
  Urug (Orc:1)
  3 orc sorcerers (Orc:1)
  A manticore (D:9)
  A centaur zombie (D:8)
  Maurice (D:8)
  2 trolls (D:9)
  2 hippogriffs
  A wyvern (D:6)
  10 yaks
  A vampire mosquito (D:6)
  3 fire elementals
  3 wargs (Orc:1)
  2 hell hounds (Orc:1)
  2 water moccasins
  5 phantoms
  A sky beast (D:8)
  2 black bears
  11 orc warriors
  9 ogres
  2 centaurs
  4 bullfrogs
  8 scorpions
  A water moccasin zombie (D:9)
  6 wights
  3 killer bees
  4 howler monkeys
  3 crimson imps
  7 hounds
  14 orc priests
  2 centaur skeletons
  13 orc wizards
  Jessica (D:3)
  2 iguanas
  12 worker ants
  Robin (D:3)
  A howler monkey zombie (D:10)
  10 gnolls
  13 adders
  A howler monkey skeleton (D:4)
  2 oozes
  An adder zombie (D:6)
  An adder skeleton (D:9)
  4 worms
  A dart slug (D:4)
  4 leopard geckos
  66 orcs
  6 giant cockroaches
  18 goblins
  7 hobgoblins
  13 jackals
  5 bats
  4 frilled lizards
  A giant cockroach zombie (D:5)
  A jackal zombie (D:8)
  4 kobolds
  3 leopard gecko skeletons
  A leopard gecko zombie (D:8)
  A quokka skeleton (D:7)
  4 rats
320 creatures vanquished.

Vanquished Creatures (others)
  A gnoll (Orc:2)
1 creature vanquished.

Grand Total: 321 creatures vanquished

Notes
Turn   | Place    | Note
-------+----------+-------------------------------------------
     0 | D:1      | louis the Hill Orc Monk began the quest for the Orb.
     0 | D:1      | Reached XP level 1. HP: 19/19 MP: 1/1
   386 | D:1      | Reached XP level 2. HP: 27/27 MP: 2/2
  1268 | D:2      | Reached skill level 1 in Armour
  1268 | D:2      | Reached XP level 3. HP: 20/33 MP: 3/3
  2466 | D:3      | Reached XP level 4. HP: 40/40 MP: 4/4
  3055 | D:3      | Reached XP level 5. HP: 42/46 MP: 5/5
  3175 | D:3      | Noticed Jessica
  3199 | D:3      | Killed Jessica
  3388 | D:3      | Noticed Robin
  3400 | D:3      | Killed Robin
  3740 | D:3      | Reached XP level 6. HP: 43/53 MP: 6/6
  3745 | D:3      | Reached skill level 5 in Long Blades
  3745 | D:3      | Reached skill level 1 in Maces & Flails
  3785 | D:3      | Reached skill level 1 in Throwing
  4042 | D:4      | Found a staircase to the Ecumenical Temple.
  4056 | Temple   | Entered the Ecumenical Temple
  4062 | Temple   | Became a worshipper of the Wu Jian Council
  4062 | Temple   | Reached * piety under Wu Jian
  4062 | Temple   | Reached ** piety under Wu Jian
  4181 | D:4      | Reached XP level 7. HP: 41/60 MP: 7/7
  4250 | D:4      | Reached skill level 2 in Maces & Flails
  4256 | D:4      | Reached skill level 5 in Fighting
  4691 | D:4      | Reached skill level 3 in Maces & Flails
  5015 | D:4      | Found a basalt altar of Yredelemnul.
  5016 | D:4      | Found a shattered altar of Ashenzari.
  5016 | D:4      | Found a deep blue altar of Sif Muna.
  5030 | D:4      | Found a sacrificial altar of Ru.
  5213 | D:5      | Entered Level 5 of the Dungeon
  5245 | D:5      | Reached skill level 5 in Armour
  5338 | D:5      | Reached XP level 8. HP: 36/68 MP: 5/8
  5351 | D:5      | Reached skill level 4 in Maces & Flails
  6423 | D:6      | Reached skill level 5 in Maces & Flails
  6666 | D:6      | Found Haega's Food Shop.
  6741 | D:6      | Reached skill level 6 in Maces & Flails
  6809 | D:6      | Reached *** piety under Wu Jian
  6891 | D:6      | Reached XP level 9. HP: 55/75 MP: 7/9
  6967 | D:6      | Found a stormy altar of Qazlal.
  7105 | D:6      | Found a hazy altar of Hepliaklqana.
  7106 | D:6      | Found an ancient bone altar of Kikubaaqudgha.
  7229 | D:6      | Reached skill level 7 in Maces & Flails
  8776 | D:7      | Reached skill level 8 in Maces & Flails
  8791 | D:7      | Found a glowing silver altar of Zin.
  9568 | D:8      | Reached skill level 9 in Maces & Flails
  9568 | D:8      | Reached XP level 10. HP: 72/86 MP: 7/10
  9571 | D:8      | Noticed a two-headed ogre
  9589 | D:8      | Killed a two-headed ogre
  9592 | D:8      | Reached **** piety under Wu Jian
 10449 | D:8      | Reached skill level 10 in Maces & Flails
 10518 | D:8      | Noticed Maurice
 10536 | D:8      | Killed Maurice
 10705 | D:8      | Reached skill level 5 in Dodging
 11124 | D:9      | Found a staircase to the Orcish Mines.
 11222 | D:9      | Reached skill level 11 in Maces & Flails
 11487 | D:9      | Noticed a manticore
 11499 | D:9      | Killed a manticore
 11499 | D:9      | Reached XP level 11. HP: 64/95 MP: 7/11
 11770 | D:9      | Noticed a two-headed ogre
 11779 | D:9      | Killed a two-headed ogre
 11816 | D:9      | Reached ***** piety under Wu Jian
 12299 | D:10     | Entered Level 10 of the Dungeon
 12740 | D:10     | Found a flagged portal.
 12748 | Bailey   | Entered a bailey
 13684 | D:10     | Reached skill level 1 in Crossbows
 13948 | Orc:1    | Entered Level 1 of the Orcish Mines
 13954 | Orc:1    | Noticed an orc sorcerer
 13964 | Orc:1    | Killed an orc sorcerer
 14232 | Orc:1    | Noticed an orc warlord
 14240 | Orc:1    | Noticed Erica
 14243 | Orc:1    | Noticed an orc sorcerer
 14558 | Orc:1    | Killed Erica
 14558 | Orc:1    | Reached skill level 10 in Armour
 14570 | Orc:1    | Killed an orc sorcerer
 14946 | Orc:1    | Noticed Urug
 14948 | Orc:1    | Noticed an orc sorcerer
 14971 | Orc:1    | Paralysed by an orc sorcerer for 2 turns
 14980 | Orc:1    | Killed an orc sorcerer
 14993 | Orc:1    | Killed Urug
 14993 | Orc:1    | Reached skill level 12 in Maces & Flails
 15283 | Orc:1    | Reached XP level 12. HP: 66/106 MP: 10/12
 15750 | Orc:2    | Entered Level 2 of the Orcish Mines
 15764 | Orc:1    | Reached skill level 10 in Fighting
 15788 | Orc:2    | Noticed Azrael
 16101 | Orc:2    | Killed Azrael
 16107 | Orc:2    | Reached skill level 5 in Crossbows
 16108 | Orc:2    | HP: 1/106 [hell hound/blast of flame[Azrael] (16)]
 16108 | Orc:2    | Hit by a tomahawk thrown by an orc warrior

Skill      XL: |  1  2  3  4  5  6  7  8  9 10 11 12 |
---------------+-------------------------------------+-----
Armour         | 1 2 3 5 6 7 8 10 | 10.8
Fighting       | 4 5 6 7 8 9 10 | 10.1
Long Blades    | 4 5 |  5.0
Dodging        | 3 4 5 6 |  6.3
Maces & Flails | 1 3 6 9 11 12 | 12.3
Throwing       | 1 2 |  2.7
Crossbows      | 4 5 |  5.2
Stealth        | |  1.5

Action                   |  1- 3 |  4- 6 |  7- 9 | 10-12 || total
-------------------------+-------+-------+-------+-------++-------
Melee: Falchion          |   148 |    77 |       |       ||   225
       Club              |       |    86 |   367 |       ||   453
       Dire flail        |       |       |    93 |   357 ||   450
       Eveningstar       |       |       |       |    91 ||    91
 Fire: Arbalest          |       |       |       |    35 ||    35
Throw: Javelin           |     4 |    10 |    10 |       ||    24
       Stone             |       |    14 |    37 |    49 ||   100
Invok: Whirlwind         |       |    13 |    97 |    86 ||   196
       Lunge             |       |     5 |    16 |    24 ||    45
  Use: Scroll            |    12 |       |    11 |     8 ||    31
       Potion            |       |     1 |     2 |     6 ||     9
 Stab: Sleeping          |     1 |       |       |       ||     1
  Eat: Chunk             |     2 |     5 |     5 |     1 ||    13
       Ration            |     1 |       |     4 |     6 ||    11
Armor: Leather armour    |    24 |       |       |       ||    24
       Ring mail         |     2 |       |       |       ||     2
       Chain mail        |    68 |   137 |   270 |   156 ||   631
       Skin              |       |       |       |    21 ||    21
       Plate armour      |       |       |       |    70 ||    70
Dodge: Dodged            |    79 |    75 |   221 |   157 ||   532
       Rpst.: Falchion   |    24 |     6 |       |       ||    30
